 Dungeon Crawl Stone Soup version 0.26.1-2-gb8aa6d0cf2 (webtiles) character file.

Game seed: 924211505121538524

4447 Eitelfritz the Carver (level 10, -2/84 HPs)
             Began as a Hill Orc Fighter on Mar 26, 2021.
             Was a High Priest of Zin.
             Killed from afar by a white imp (5 damage)
             ... with a puff of frost
             ... on level 8 of the Dungeon.
             The game lasted 00:28:56 (9597 turns).

Eitelfritz the Carver (Hill Orc Fighter)            Turns: 9597, Time: 00:28:56

Health: -2/84      AC: 14    Str: 25    XL:     10   Next: 37%
Magic:  16/16      EV: 11    Int:  9    God:    Zin [*****.]
Gold:   162        SH: 11    Dex:  6    Spells: 9/9 levels left

rFire    . . .     SeeInvis .   v - +1 falchion (venom)
rCold    . . .     Faith    .   c - +0 kite shield
rNeg     + + .     Spirit   .   x - +0 chain mail
rPois    .         Reflect  .   b - +0 helmet
rElec    +         Harm     .   E - +0 cloak
rCorr    .         Rampage  .   (no gloves)
Will     .....                  l - +0 pair of boots (curse)
Stlth    ..........             (no amulet)
HPRegen  0.24/turn              A - ring of Rietaihuj {rElec rN++ Str+3 Dex-4 Stlth+}
MPRegen  0.15/turn              p - +4 ring of evasion

@: studying Bows
A: no striking features
a: Renounce Religion, Recite, Vitalisation, Imprison, Sanctuary, Donate Gold


You were on level 8 of the Dungeon.
You worshipped Zin.
Zin was extremely pleased with you.
You visited 2 branches of the dungeon, and saw 9 of its levels.

You collected 550 gold pieces.
You spent 333 gold pieces at shops.
You donated 55 gold pieces to Zin.

Inventory:

Hand Weapons
 a - a +0 long sword
 h - a +1 flail of protection
 v - a +1 falchion of venom (weapon)
 y - a +2 falchion of holy wrath
 G - a +4 shortbow
Missiles
 k - 3 javelins (quivered)
 o - 5 curare-tipped darts
 u - 37 poisoned darts
 C - 67 arrows
 H - 3 silver javelins
Armour
 b - a +0 helmet (worn)
 c - a +0 kite shield (worn)
 l - a cursed +0 pair of boots (worn)
 x - a +0 chain mail (worn)
 E - a +0 cloak (worn)
 J - the cursed +0 tower shield of a treasure trove {-Tele rC+ Will++ Int+4, unknown}
   (You found it on level 8 of the Dungeon)

   It affects your intelligence (+4).
   It protects you from cold.
   It affects your willpower, your defense against some magical effects.
   It prevents most forms of teleportation.
   It has a curse placed upon it.
Jewellery
 f - an uncursed ring of wizardry
 p - a +4 ring of evasion (right hand)
 w - an uncursed ring of magical power
 A - the ring of Rietaihuj (left hand) {rElec rN++ Str+3 Dex-4 Stlth+}
   (You took it off a centaur on level 6 of the Dungeon)

   [ring of stealth]

   It affects your strength (+3).
   It affects your dexterity (-4).
   It insulates you from electricity.
   It greatly protects you from negative energy.
   It makes you more stealthy.
 F - an uncursed ring of protection from fire
Scrolls
 i - 2 scrolls of amnesia
 z - a scroll of remove curse
 D - a scroll of teleportation
 I - a scroll of identify
Potions
 d - a potion of berserk rage
 e - 2 potions of mutation
 g - 2 potions of brilliance
 j - a potion of magic
 n - a potion of resistance
 q - a potion of cancellation
 r - 2 potions of curing {unknown}
 s - a potion of degeneration {unknown}
 t - a potion of attraction
 K - a potion of haste {unknown}
Books
 B - a manual of Bows


   Skills:
 + Level 6.8 Fighting
 + Level 8.9 Long Blades
 + Level 7.2 Armour
 + Level 2.1 Dodging
 + Level 2.3 Stealth
 + Level 7.9 Shields
 * Level 8.2 Invocations


You had 9 spell levels left.
You didn't know any spells.
Your spell library was empty.

Dungeon Overview and Level Annotations

Branches:
Dungeon (8/15)             Temple (1/1) D:5
   Lair: D:8-11

Altars:
Cheibriados
Dithmenos
Elyvilon
Fedhas
Gozag
Hepliaklqana
Kikubaaqudgha
Makhleb
Okawaru
Qazlal
Ru
Sif Muna
Trog
Uskayaw
Vehumet
Wu Jian
Xom
Yredelemnul
Zin
The Shining One
Jiyva

Shops:
D:5 (


Message History

The two-headed ogre looks as sick as possible!
The two-headed ogre is almost dead.
The white imp completely misses you.
You riposte.
You hit the white imp.
The white imp is heavily wounded.
You hit the two-headed ogre.
The two-headed ogre is almost dead.
The two-headed ogre barely misses you.
The two-headed ogre hits you with a +0 giant club!!
* * * LOW HITPOINT WARNING * * *
The white imp gestures at you. The puff of frost misses you.
You feel much better.
You are ready to recite again.
You block the white imp's attack.
The two-headed ogre hits you with a +0 giant club!!
* * * LOW HITPOINT WARNING * * *
The two-headed ogre completely misses you.
The white imp gestures at you. The puff of frost hits you.
You die...

#....[# #.....#
######.....#
...........#
...........#
...........#
..........#
........@.#######
##.#.#.#.#.#.#.#.##
.....†..)..5..o...#
.#.#.#)#.#.#.#.#.###
............o.....#
#.#.#.#.#.#.#.#.#.#
.........>.......o#
#.#.#.#.#.#.#.#.#o#
#..................#


You could see a white imp and an orc (blind, corona).

Vanquished Creatures
  Joseph (D:7)
  The ghost of smzp the Sneak, a novice OpTm (D:4)
  The ghost of Quickbrownfox the Skirmisher, an amateur OpFi of Qazlal (D:4)
  The ghost of Almogavar the Shield-Bearer, an amateur GrFi (D:4)
  The ghost of infcreate the Chiller, an amateur DEIE (D:6)
  Menkaure (D:7)
  A water moccasin (D:6)
  3 sky beasts
  3 orc warriors
  A black bear (D:7)
  A phantom (D:7)
  A necrophage (D:7)
  3 ogres
  2 centaurs (D:6)
  6 big kobolds
  3 bullfrogs
  A gnoll sergeant (D:8)
  A water moccasin skeleton (D:7)
  A centaur zombie (D:7)
  2 hounds
  2 orc priests
  3 jellies
  6 orc wizards
  A bullfrog skeleton (D:6)
  An iguana (D:5)
  Jessica (D:2)
  2 centaur skeletons
  7 worker ants
  A killer bee zombie (D:8)
  A hound zombie (D:7)
  Robin (D:3)
  13 gnolls
  9 adders
  A white imp (D:6)
  4 adder skeletons
  4 worms
  3 dart slugs
  6 leopard geckos
  24 orcs
  6 bats
  5 giant cockroaches
  38 goblins
  27 hobgoblins
  14 jackals
  3 quokkas
  A ball python (D:2)
  5 frilled lizards
  A jackal skeleton (D:4)
  9 kobolds
  A leopard gecko skeleton (D:4)
  5 rats
240 creatures vanquished.

Vanquished Creatures (others)
  A goblin (D:3)
1 creature vanquished.

Grand Total: 241 creatures vanquished

Notes
Turn   | Place    | Note
-------+----------+-------------------------------------------
     0 | D:1      | Eitelfritz the Hill Orc Fighter began the quest for the
                  | Orb.
     0 | D:1      | Reached XP level 1. HP: 19/19 MP: 1/1
   117 | D:1      | Reached XP level 2. HP: 21/27 MP: 2/2
   857 | D:2      | Reached XP level 3. HP: 32/33 MP: 3/3
  1250 | D:2      | Noticed Jessica
  1258 | D:2      | Killed Jessica
  1259 | D:2      | Reached XP level 4. HP: 40/40 MP: 4/4
  1770 | D:2      | Reached XP level 5. HP: 46/46 MP: 5/5
  2292 | D:3      | Noticed Robin
  2325 | D:3      | Killed Robin
  2801 | D:3      | Found a faded altar of an unknown god.
  2801 | D:3      | Found a hazy altar of Hepliaklqana.
  2810 | D:3      | Found a faded altar of an unknown god.
  2815 | D:3      | Found a glowing silver altar of Zin.
  2817 | D:3      | Found a blossoming altar of Fedhas.
  2823 | D:3      | Became a worshipper of Zin the Law-Giver
  2823 | D:3      | Reached * piety under Zin
  2952 | D:3      | Noticed a big kobold
  2955 | D:3      | Noticed a big kobold
  2957 | D:3      | Noticed a big kobold
  2977 | D:3      | Killed a big kobold
  2978 | D:3      | Reached skill level 1 in Invocations
  2978 | D:3      | Reached XP level 6. HP: 39/53 MP: 6/6
  3275 | D:3      | Reached ** piety under Zin
  3293 | D:3      | Reached XP level 7. HP: 58/60 MP: 8/8
  3420 | D:3      | Reached skill level 5 in Long Blades
  3525 | D:3      | Reached skill level 1 in Dodging
  3549 | D:3      | Reached skill level 5 in Fighting
  3858 | D:3      | Reached skill level 5 in Shields
  4243 | D:4      | Reached skill level 5 in Armour
  4361 | D:4      | Found a shimmering altar of Xom.
  4489 | D:4      | Reached *** piety under Zin
  4558 | D:4      | Found a runed translucent gate.
  4558 | D:4      | Found a runed translucent gate.
  4558 | D:4      | Found a runed translucent gate.
  4560 | D:4      | Noticed Quickbrownfox's ghost (amateur OpFi)
  4560 | D:4      | Noticed Almogavar's ghost (amateur GrFi)
  4560 | D:4      | Noticed smzp's ghost (novice OpTm)
  4736 | D:4      | Reached XP level 8. HP: 67/68 MP: 10/10
  4868 | D:4      | Found a basalt altar of Yredelemnul.
  4869 | D:4      | Found a shimmering blue altar of Sif Muna.
  4869 | D:4      | Found a glowing golden altar of the Shining One.
  4869 | D:4      | Found a radiant altar of Vehumet.
  4874 | D:4      | Found an opulent altar of Gozag.
  5161 | D:5      | Entered Level 5 of the Dungeon
  5302 | D:5      | Found a staircase to the Ecumenical Temple.
  5324 | Temple   | Entered the Ecumenical Temple
  5931 | D:5      | Found Ciopt's Antique Weapon Emporium.
  5940 | D:5      | Bought a pitted long sword for 195 gold pieces
  5940 | D:5      | Identified the +3 long sword of Rotation {pain, rElec rPois
                  | Str-3} (You bought it in a shop on level 5 of the Dungeon)
  6230 | D:5      | Bought a glowing falchion for 138 gold pieces
  6301 | D:6      | Reached **** piety under Zin
  6353 | D:6      | Found a runed translucent door.
  6354 | D:6      | Noticed infcreate's ghost (amateur DEIE)
  6364 | D:6      | Reached skill level 1 in Stealth
  6411 | D:6      | Identified the ring of Rietaihuj {rElec rN++ Str+3 Dex-4
                  | Stlth+}
  6667 | D:6      | Reached skill level 5 in Invocations
  7384 | D:6      | Reached XP level 9. HP: 69/75 MP: 13/13
  8083 | D:6      | Killed infcreate's ghost
  8210 | D:4      | Killed smzp's ghost
  8222 | D:4      | Killed Almogavar's ghost
  8229 | D:4      | Killed Quickbrownfox's ghost
  8274 | D:4      | Reached ***** piety under Zin
  8646 | D:7      | Noticed Menkaure
  8652 | D:7      | Killed Menkaure
  8788 | D:7      | Reached XP level 10. HP: 84/84 MP: 15/15
  9149 | D:7      | Noticed Joseph
  9190 | D:7      | Killed Joseph
  9490 | D:8      | Got a translucent tower shield
  9530 | D:8      | Noticed a two-headed ogre
  9594 | D:8      | HP: 2/84 [two-headed ogre/+0 giant club (21)]
  9597 | D:8      | Killed from afar by a white imp

Illustrated notes

Levels and vault maps discovered:
D:1:      lightli_arrival_statue_moat, layout_rooms,
          minmay_misc_feat_more_columns, st_stairs_7, minmay_tromino_i4
D:2:      layout_loops_ring, uniq_jessica
D:3:      minmay_goblin_kobold_castle, layout_rooms,
          chequers_temple_overflow_minitemple, kennysheep_big_empty_room,
          uniq_robin
D:4:      minmay_angry_zag, layout_basic, minitemple, gammafunk_ghost_cemetery
D:5:      layout_basic, minmay_temple_entry_water_ring, serial_shops,
          nicolae_shop_statue_plus
D:6:      layout_gridville, ebering_ghost_reflecting_pool,
          minmay_manual_macuahuitl
D:7:      layout_loops_cross, uniq_menkaure, uniq_joseph
D:8:      layout_gridville, gammafunk_temple_overflow_elements, basic_altar,
          st_stairs_11, nemelex_diamond_rough_becter
Temple:   pf_slimified_temple

Skill      XL: |  1  2  3  4  5  6  7  8  9 10 |
---------------+-------------------------------+-----
Fighting       | 4 5 6 |  6.8
Long Blades    | 3 4 5 6 8 |  8.9
Shields        | 4 5 6 7 |  7.9
Armour         | 4 5 6 7 |  7.2
Invocations    | 1 2 3 5 7 8 |  8.2
Dodging        | 1 2 |  2.1
Stealth        | 1 2 |  2.3

Action                   |  1- 3 |  4- 6 |  7- 9 | 10-12 || total
-------------------------+-------+-------+-------+-------++-------
Melee: Long sword        |   105 |    48 |       |       ||   153
       Falchion          |       |   135 |   421 |   147 ||   703
Throw: Dart              |       |     1 |       |       ||     1
       Javelin           |       |       |     2 |       ||     2
Invok: Recite            |       |     1 |    12 |     7 ||    20
  Use: Potion            |       |     1 |     1 |     2 ||     4
       Scroll            |       |       |    16 |       ||    16
 Stab: Confused          |       |       |     7 |     1 ||     8
       Invisible         |       |       |     2 |       ||     2
       Paralysed         |       |       |       |     1 ||     1
Armor: Scale mail        |    55 |    79 |    35 |       ||   169
       Chain mail        |       |       |    98 |    42 ||   140
Dodge: Dodged            |    52 |    50 |   122 |    53 ||   277
Block: Kite shield       |    63 |   108 |   230 |    66 ||   467
       Rpst.: Long sword |    21 |     1 |       |       ||    22
       Falchion          |       |     8 |    30 |    17 ||    55
